 Dungeon Crawl Stone Soup version 0.32-a0-314-g526f7d4993 (console) character file.

Game seed: 16975221403907504030

465440 petzl the Tortoise (level 25, -2/195 HPs)
             Began as a Formicid Delver on Feb 15, 2024.
             Was the Champion of Vehumet.
             Slain by a rockslime (18 damage)
             ... on level 3 of the Pits of Slime on Feb 21, 2024.
             The game lasted 09:53:22 (98366 turns).

petzl the Tortoise (Formicid Delver)               Turns: 98366, Time: 09:53:22

Health: -2/195     AC: 14    Str: 20    XL:     25   Next: 79%
Magic:  15/57      EV: 15    Int: 31    God:    Vehumet [******]
Gold:   1276       SH:  8    Dex: 15    Spells: 2/55 levels left

rFire   . . .        b - +6 Majin-Bo {spellvamp, MP+6 Int+6}
rCold   + + .        D - +0 buckler {reflect}
rNeg    + + +        H - +2 leather armour {rF+}
rPois   .            (helmet unavailable)
rElec   .            Y - +1 cloak
rCorr   +            s - +1 pair of gloves of Grim Lucidity {-Tele Will+ MP+9}
SInv    +            z - +0 pair of boots {Fly}
Will    +++..        r - amulet of the acrobat
Stlth   ++++++       N - ring "Zegierhi" {rC+ rN+++ rCorr Str+6 Int+4}
HPRegen 0.52/turn    t - ring of wizardry
MPRegen 0.35/turn

%: reflection, acrobat, wizardry (x1)
@: flying, very slightly contaminated, studying 5 skills
A: permanent stasis, dig shafts and tunnels, antennae 3, four strong arms, cold
resistance 1, weak 2, evolution 1, heat vulnerability 1, inability to read after
injury 1
}: 2/15 runes: decaying, gossamer
a: Dig, Shaft Self, Renounce Religion


You were on level 3 of the Pits of Slime.
You worshipped Vehumet.
Vehumet was exalted by your worship.
You visited 12 branches of the dungeon, and saw 48 of its levels.
You visited 1 bazaar.
You also visited: Bailey.

You collected 7324 gold pieces.
You spent 6048 gold pieces at shops.

Inventory:

Hand Weapons
 a - a +9 orcbow of flaming
 b - the +6 Majin-Bo (weapon) {spellvamp, MP+6 Int+6}
   (You found it on level 2 of the Crypt)

   Int+6:     It affects your intelligence (+6).
   MP+6:      It affects your magic capacity (+6).
 c - the +8 rapier "Dragonslayer" {heavy, Int+3}
   (You found it on level 12 of the Dungeon)

   Int+3:     It affects your intelligence (+3).
 d - a +2 scimitar of protection
 m - a +0 spectral quarterstaff
Missiles
 u - 5 curare-tipped darts (quivered)
 G - 3 throwing nets
Armour
 s - the +1 pair of gloves of Grim Lucidity (worn) {-Tele Will+ MP+9}
   (You acquired it on level 2 of the Orcish Mines)

   Will+:     It increases your willpower.
   MP+9:      It affects your magic capacity (+9).
   -Tele:     It prevents most forms of teleportation.
 z - a +0 pair of boots of flying (worn)
 A - the +6 scale mail of the Nexus {rN++ Dex+4 SInv Stlth-}
   (You found it on level 5 of the Dungeon)

   Dex+4:     It affects your dexterity (+4).
   rN++:      It greatly protects you from negative energy.
   SInv:      It lets you see invisible.
   Stlth-:    It makes you less stealthy.
 D - a +0 buckler of reflection (worn)
 H - a +2 leather armour of fire resistance (worn)
 S - a +5 kite shield of reflection
 Y - a +1 cloak (worn)
Jewellery
 r - an amulet of the acrobat (around neck)
 t - a ring of wizardry (right hand)
 N - the ring "Zegierhi" (left hand) {rC+ rN+++ rCorr Str+6 Int+4}
   (You found it on level 3 of the Crypt)

   [ring of strength]

   Str+6:     It affects your strength (+6).
   Int+4:     It affects your intelligence (+4).
   rC+:       It protects you from cold.
   rN+++:     It renders you almost immune to negative energy.
   rCorr:     It protects you from acid and corrosion.
 O - the ring "Pamenli" {*Corrode rPois Will+ MP+9 Str+4}
   (You took it off a deep elf sorcerer on level 3 of the Elven Halls)

   [ring of magical power]

   Str+4:     It affects your strength (+4).
   rPois:     It protects you from poison Will+: It increases your willpower.
   MP+9:      It affects your magic capacity (+9).
   *Corrode:  It may corrode you when you take damage.
Wands
 w - a wand of iceblast (23)
 x - a wand of mindburst (16)
 y - a wand of digging (28)
 B - a wand of polymorph (12)
 C - a wand of paralysis (23)
 E - a wand of quicksilver (9)
Scrolls
 f - 9 scrolls of fear
 i - 10 scrolls of poison
 p - 2 scrolls of summoning
 q - 2 scrolls of silence
 v - 4 scrolls of immolation
 J - 4 scrolls of fog
 K - 2 scrolls of torment
 V - 4 scrolls of revelation
Potions
 g - 10 potions of ambrosia
 h - 2 potions of invisibility
 j - 2 potions of enlightenment
 k - 7 potions of cancellation
 n - 16 potions of curing
 F - 4 potions of heal wounds
 L - 5 potions of lignification
 M - 6 potions of brilliance
 R - 2 potions of magic
 U - a potion of resistance
Miscellaneous
 l - a condenser vane
 W - a sack of spiders
 Z - a lightning rod (4/4)


   Skills:
 - Level 15.5 Fighting
 - Level 6.0 Short Blades
 - Level 3.0(3.6) Maces & Flails
 + Level 3.0(3.6) Staves
 - Level 10.0 Ranged Weapons
 + Level 17.6 Armour
 - Level 7.9 Dodging
 - Level 15.0 Stealth
 + Level 14.7 Shields
 + Level 15.8 Spellcasting
 * Level 15.8 Conjurations
 * Level 2.9 Necromancy
 + Level 5.1 Translocations
 * Level 16.5 Fire Magic
 - Level 9.0 Ice Magic
 + Level 11.1 Air Magic
 - Level 4.0 Earth Magic
 - Level 10.0 Alchemy
 - Level 2.0 Evocations


You had 2 spell levels left.
You knew the following spells:

 Your Spells              Type           Power      Damage    Failure   Level
a - Sting                 Conj/Alch      100%       1d9       0%          1
b - Hailstorm             Conj/Ice       80%        3d13      1%          3
c - Shock                 Conj/Air       100%       1d9       0%          1
d - Plasma Beam           Fire/Air       42%        2x1d56    1%          6
e - Mephitic Cloud        Conj/Alch/Air  79%        N/A       1%          3
f - Bombard               Conj/Erth      36%        9d6       1%          6
g - Apportation           Tloc           100%       N/A       1%          1
l - Freezing Cloud        Conj/Ice/Air   39%        6-21      1%          5
n - Fire Storm            Conj/Fire      45%        8d11      26%         9
p - Passage of Golubria   Tloc           54%        N/A       1%          4
s - Sticky Flame          Fire/Alch      82%        2d13      1%          4
u - Sublimation of Blood  Necr           42%        N/A       1%          2
I - Ignite Poison         Fire/Alch      82%        N/A       1%          4
T - Olgreb's Toxic Radia  Alch           72%        N/A       1%          4

Your spell library contained the following spells:

 Spells                   Type           Power      Damage    Failure   Level
 Chain Lightning          Conj/Air       41%        3d55      56%         9
 Foxfire                  Conj/Fire      100%       2x1d9     0%          1
 Magic Dart               Conj           100%       1d8       0%          1
 Scorch                   Fire           100%       2d9       0%          2
 Freeze                   Ice            100%       1d10      1%          1
 Necrotise                Necr           100%       1d9       1%          1
 Sandblast                Erth           98%        2d20      1%          1
 Slow                     Hex            96%        N/A       1%          1
 Summon Small Mammal      Summ           96%        N/A       1%          1
 Call Imp                 Summ           48%        N/A       1%          2
 Ensorcelled Hibernation  Hex/Ice        100%       N/A       1%          2
 Jinxbite                 Hex            48%        N/A       1%          2
 Lesser Beckoning         Tloc           100%       N/A       1%          2
 Mercury Vapours          Alch/Air       100%       N/A       1%          2
 Momentum Strike          Conj/Tloc      100%       3d10      1%          2
 Flame Wave               Conj/Fire      90%        2d19      0%          4
 Frozen Ramparts          Ice            100%       1d16      1%          3
 Fugue of the Fallen      Necr           42%        N/A       1%          3
 Gell's Gravitas          Tloc           54%        N/A       1%          3
 Passwall                 Erth           49%        N/A       1%          3
 Stone Arrow              Conj/Erth      100%       3d13      1%          3
 Summon Ice Beast         Ice/Summ       51%        N/A       1%          3
 Teleport Other           Tloc           54%        N/A       1%          3
 Vampiric Draining        Necr           42%        2d9       1%          3
 Brom's Barrelling Bould  Conj/Erth      72%        2d9       1%          4
 Petrify                  Alch/Erth      61%        N/A       1%          4
 Summon Blazeheart Golem  Fire/Summ      66%        N/A       1%          4
 Alistair's Intoxication  Alch           48%        N/A       1%          5
 Arcjolt                  Conj/Air       41%        1d51      1%          5
 Irradiate                Conj/Alch      40%        3d25      1%          5
 Iskenderun's Battlesphe  Conj           89%        2d14      1%          5
 Lee's Rapid Deconstruct  Erth           24%        3d13*     1%          5
 Yara's Violent Unravell  Hex/Alch       26%        3d11      1%          5
 Starburst                Conj/Fire      45%        6d13      1%          6
 Ignition                 Fire           45%        3d13      1%          8
 Call Canine Familiar     Summ           24%        N/A       2%          3
 Confusing Touch          Hex            24%        N/A       2%          3
 Sigil of Binding         Hex            24%        N/A       2%          3
 Animate Dead             Necr           42%        N/A       2%          4
 Silence                  Hex/Air        28%        N/A       2%          5
 Sculpt Simulacrum        Ice/Alch       35%        N/A       2%          6
 Anguish                  Hex/Necr       16%        N/A       4%          4
 Martyr's Knell           Necr/Summ      33%        N/A       4%          4
 Ozocubu's Refrigeration  Ice            34%        4d15      4%          7
 Curse of Agony           Necr           42%        N/A       8%          5
 Spellforged Servitor     Conj/Summ      32%        N/A       8%          7
 Cause Fear               Hex            12%        N/A       9%          4
 Summon Forest            Summ/Tloc      20%        N/A       9%          5
 Maxwell's Capacitive Co  Air            38%        ∞         14%         8
 Dispersal                Tloc           27%        N/A       16%         6
 Lehudib's Crystal Spear  Conj/Erth      36%        10d9      22%         8
 Summon Mana Viper        Hex/Summ       24%        N/A       24%         5
 Summon Cactus Giant      Summ           12%        N/A       77%         6
 Polar Vortex             Ice            34%        12d4*     97%         9
 Haunt                    Necr/Summ      16%        N/A       98%         7
 Enfeeble                 Hex            12%        N/A       99%         7
 Monstrous Menagerie      Summ           12%        N/A       99%         7
 Borgnjor's Revivificati  Necr           21%        N/A       100%        8
 Infestation              Necr           21%        N/A       100%        8
 Death's Door             Necr           21%        N/A       100%        9
 Dragon's Call            Summ           12%        N/A       100%        9
 Blink                    Tloc           Unusable   N/A       N/A         2
 Swiftness                Air            Unusable   N/A       N/A         3
 Vhi's Electric Charge    Tloc/Air       Unusable   N/A       N/A         4

Dungeon Overview and Level Annotations

Branches:
Dungeon (15/15)            Temple (1/1) D:5            Lair (5/5) D:8
  Swamp (4/4) Lair:3       Spider (4/4) Lair:2        Slime (5/5) Lair:5
    Orc (2/2) D:12            Elf (3/3) Orc:2        Vaults (4/5) D:14
  Crypt (3/3) Vaults:2       Tomb (1/3) Crypt:3      Depths (1/4) D:15
 Bailey (visited)

Altars:
Ashenzari
Cheibriados
Dithmenos
Elyvilon
Fedhas
Gozag
Hepliaklqana
Kikubaaqudgha
Makhleb
Nemelex Xobeh
Okawaru
Qazlal
Ru
Sif Muna
Trog
Uskayaw
Vehumet
Wu Jian
Xom
Yredelemnul
Zin
The Shining One

Shops:
D:7 :   D:11 ?   D:13 ?   D:14 ?   Orc:2 ([[*   Elf:3 (

Portals:
Abyss: D:14
Trove: D:12 (give 12 potions of heal wounds)

Annotations:
Slime:4 exclusion: downstairs
Slime:5 Royal Jelly
Vaults:5 !L5


Innate Abilities, Weirdness & Mutations

You cannot be hasted, slowed, berserked, paralysed or teleported.
You can dig through walls and to a lower floor.
You have a pair of large antennae on your head. (SInv)
Your four strong arms can wield two-handed weapons with a shield.
Your flesh is cold resistant. (rC+)
You are very weak. (Str -4)
You have hidden genetic potential.
You are vulnerable to heat. (rF-)
You occasionally lose the ability to read scrolls when taking damage.


Message History

Your fire vortex hits the slime creature.
Your fire vortex burns the slime creature!
The slime creature dies!
Vehumet accepts your kill.
Your fire vortex dissipates!
The rockslime hits you!
* * * LOW HITPOINT WARNING * * *
You are shoved backwards!
Unknown command.
Unknown command.
Unknown command.
Unknown command.
Press: ? - help, v - describe, . - travel
Here: a rockslime The floor, spattered with blood.
Unknown command.
Unknown command.
Unknown command.
Unknown command.
Unknown command.
Unknown command.
Unknown command.
Okay, then.
Unknown command.
Unknown command.
Unknown command.
Unknown command.
Okay, then.
Unknown command.
Unknown command.
Okay, then.
Unknown command.
Unknown command.
Unknown command.
The slime creature hits your fire vortex.
The rockslime attacks as it pursues you!
You block the rockslime's attack.
As you read the scroll of summoning, it crumbles to dust.
Wisps of shadow whirl around you... The rockslime hits you!!
You die...

###...........#.....##
#....................##
#......................##
#......#.......#........#
......##..#.............#
...... ............##....
...##.......>.....#..##.#
... .....................
..##.##...........##
#....#......##
##.........## ##.......##
##........# #.........#
.# ##..#.....# ...#
##.###....## ....
#........## #...
##.......#### . ....
##.J.@..#..###.. ....
#..G.JG........ .
#....#.#.......
#....Jv..○.....
##......J......
##............
#.............
##............
#............
......#.......
...............
......##.......


You could see a slime creature, 2 rockslimes, 2 friendly great orbs of eyes, a
friendly rockslime (summoned) and a friendly fire vortex.

Vanquished Creatures
  Frederick (Crypt:2)
  Sojobo (Crypt:3)
  Saint Roka (Vaults:1)
  Rupert (D:12)
  4 liches
  A deep elf blademaster (Elf:3)
  A deep elf master archer (Elf:3)
  An Executioner (D:14)
  8 sphinxes
  11 acid blobs
  A thorn hunter (Swamp:3)
  Donald (Spider:2)
  Kirke (Lair:3)
  The ghost of DeathSocks the Bringer of Blasphemy, an adept MiGl of Yredelemnul (Spider:3)
  4 revenants
  3 tengu reavers
  A fenstrider witch (Swamp:3)
  2 frost giants
  An azure jelly (Slime:3)
  A rockslime (Slime:1)
  13 vault wardens
  9 deep elf sorcerers
  5 deep elf elementalists
  3 ghost moths
  5 emperor scorpions
  A curse skull (Crypt:3)
  2 balrugs (Crypt:3)
  The ghost of Luqah the Summoner, a journeyman HuSu of the Shining One (D:14)
  22 ironbound preservers
  7 ghouls
  3 orc warlords
  3 formless jellyfish
  4 broodmothers
  3 quicksilver oozes
  3 ironbound thunderhulks
  5 vampire knights
  8 deep elf death magi
  A spark wasp (Spider:4)
  8 deep elf annihilators (Elf:3)
  2 deep elf demonologists
  3 eleionomae
  9 bunyips
  9 dire elephants
  4 war gargoyles
  4 eidola
  3 mummy priests
  2 ettins
  10 yaktaur captains
  10 entropy weavers
  A spriggan zombie (Tomb:1)
  3 shambling mangroves
  A quicksilver dragon skeleton (Crypt:2)
  8 deep elf high priests (Elf:3)
  12 great orbs of eyes
  7 vault guards
  Erolcha (D:9)
  9 ironbound frosthearts
  2 ghost crabs
  5 radroaches
  22 two-headed ogres
  5 ogre magi
  10 boulder beetles
  26 hydras
  3 jorogumos
  A centaur warrior (D:15)
  7 alligators
  20 dancing weapons
  A spriggan skeleton (Crypt:3)
  A hell hog (D:14)
  2 sphinx skeletons
  15 death scarabs (Tomb:1)
  5 tengu warriors
  5 vampire magi
  A deep troll earth mage (D:14)
  5 orc high priests
  9 demonic crawlers
  A spectral dire elephant (Lair:5)
  The ghost of Atlas the Thaumaturge, a novice DsFE of Vehumet (D:10)
  13 hell knights (Crypt:3)
  A titan skeleton (Crypt:3)
  23 deep elf knights
  2 skysharks
  2 spriggan berserkers
  2 pharaoh ants
  2 shadow wraiths
  A spectral death yak (Lair:5)
  4 goliath frogs
  12 skeletal warriors
  14 orb spiders
  3 spriggan druids
  3 shadow demons
  A spectral anaconda (Lair:5)
  A ghost moth zombie (Crypt:2)
  12 swamp dragons
  7 arcanists
  8 flayed ghosts
  57 deep trolls
  2 glowing orange brains (Vaults:3)
  17 deep elf archers
  13 lindwurms
  17 phantasmal warriors
  11 necromancers
  15 bog bodies
  2 anaconda skeletons
  15 ironbound convokers
  Pikel (D:7)
  A harpy (shapeshifter) (D:15)
  10 orc knights
  27 deep elf pyromancers
  5 orc sorcerers
  An obsidian statue (Lair:5)
  8 steelbarb worms
  A tengu skeleton (Vaults:1)
  40 deep elf zephyrmancers
  6 shining eyes
  17 ugly things
  5 cyclopes
  A large abomination (D:14)
  2 will-o-the-wisps
  20 wolf spiders
  A human skeleton (Vaults:4)
  A meliai (shapeshifter) (D:13)
  14 elephants
  A fire giant skeleton (Crypt:2)
  2 elf zombies (Vaults:1)
  5 moths of wrath
  2 kobold blastminers (Orc:2)
  4 black mambas
  17 vault sentinels
  5 gargoyles
  4 torpor snails
  An elephant slug zombie (Crypt:2)
  A smoke demon (Crypt:3)
  Maggie (D:7)
  A stone giant skeleton (Vaults:4)
  A cane toad (shapeshifter) (D:14)
  A dire elephant zombie (Lair:5)
  2 molten gargoyles (Lair:4)
  An eye of devastation (Slime:5)
  8 cane toads
  3 kobold demonologists (Crypt:2)
  4 rime drakes
  A rime drake (shapeshifter) (Elf:3)
  23 yaktaurs
  A hellion (D:14)
  A swamp worm zombie (Crypt:2)
  5 komodo dragons
  4 freezing wraiths
  2 efreet
  4 dire elephant skeletons
  2 tengu conjurers
  A purple draconian skeleton (Crypt:1)
  8 guardian mummies
  7 trolls
  An alligator snapping turtle skeleton (Crypt:1)
  4 polar bears
  5 tyrant leeches
  5 hornets
  An iron troll skeleton (Crypt:2)
  2 burning bushes (Lair:2)
  27 tarantellas
  A hydra skeleton (Crypt:3)
  A queen bee (shapeshifter) (Elf:3)
  2 bloated husks
  15 blink frogs
  3 glass eyes
  3 harpy skeletons
  5 dream sheep (Lair:4)
  A raiju (D:14)
  An ettin zombie (Tomb:1)
  93 slime creatures
  26 jumping spiders
  A frost giant simulacrum (Vaults:4)
  20 culicivoras
  3 air elementals (Elf:2)
  16 wraiths
  9 shadows
  An ice dragon skeleton (Crypt:1)
  2 ushabtiu
  49 yaks
  6 spriggans
  4 basilisks
  4 wyverns
  5 water elementals
  An ettin skeleton (Crypt:3)
  A warg (shapeshifter) (D:13)
  A hog (Lair:4)
  3 humans (Lair:4)
  3 wargs
  3 golden eyes (Slime:1)
  62 redbacks
  A steam dragon (D:9)
  6 vampire mosquitoes
  A human simulacrum (Vaults:4)
  3 death yak simulacra (Lair:5)
  2 spectral cane toads (Lair:5)
  11 swamp worms
  An acid dragon (D:11)
  8 water moccasins
  2 naga skeletons (Tomb:1)
  Duvessa (D:4)
  A cane toad skeleton (Crypt:1)
  3 black bears
  7 laughing skulls
  28 orc warriors
  An elephant zombie (Lair:5)
  9 swamp drakes
  4 ice beasts
  6 boggarts
  6 centaurs
  34 ogres
  4 lemures (D:7)
  17 wolves
  2 phantoms (D:5)
  Blork the orc (D:6)
  2 earth elementals
  14 bullfrogs
  5 kobold brigands
  4 gnoll sergeants
  8 necrophages
  A rime drake skeleton (Crypt:1)
  An elf skeleton (Crypt:1)
  4 scorpions
  5 wights
  Dowan (D:4)
  5 killer bees
  5 howler monkeys
  An electric eel (Lair:4)
  5 lava snakes (Lair:4)
  A wolf zombie (Crypt:1)
  A bombardier beetle (D:6)
  18 jellies
  3 hounds
  21 orc priests
  Crazy Yiuf (D:4)
  An iguana (D:4)
  15 orc wizards
  2 sleepcaps
  A statue (D:7)
  17 mummies
  31 gnolls
  7 adders
  A shadow imp (D:5)
  A swamp drake skeleton (Crypt:2)
  14 white imps
  2 ufetubi
  7 ribbon worms
  4 dart slugs
  105 orcs
  5 ball pythons
  6 bats
  11 endoplasms
  A giant cockroach (D:1)
  6 goblins
  7 hobgoblins
  2 jackals
  20 kobolds
  2 quokkas
  5 frilled lizards
  A frilled lizard skeleton (Crypt:1)
  A hobgoblin skeleton (Crypt:2)
  4 rats
  A river rat zombie (Crypt:2)
  7 fire vortices
1883 creatures vanquished.

Vanquished Creatures (collateral kills)
  A rockslime (Slime:5)
  2 dancing weapons
  2 eyes of devastation
  4 slime creatures
9 creatures vanquished.

Vanquished Creatures (others)
  A deep elf knight (Elf:1)
  A tengu conjurer (D:13)
  2 bloated husks
  A kobold brigand (D:12)
  An orc wizard (D:12)
  38 fire vortices
  20 foxfires
  5 spectral weapons
69 creatures vanquished.

Grand Total: 1961 creatures vanquished

Notes
Turn   | Place    | Note
-------+----------+-------------------------------------------
     0 | D:5      | petzl the Formicid Delver began the quest for the Orb.
     0 | D:5      | Reached XP level 1. HP: 18/18 MP: 1/1
     1 | D:6      | Noticed Blork the orc
    21 | D:5      | Noticed a scorpion
    35 | D:4      | Noticed an orc priest
    74 | D:5      | Noticed a hound
    90 | D:5      | Killed a hound
    91 | D:5      | Reached XP level 2. HP: 14/24 MP: 2/5
    91 | D:5      | Reached XP level 3. HP: 17/29 MP: 2/7
   348 | D:3      | Reached XP level 4. HP: 17/35 MP: 9/9
   866 | D:1      | Learned a level 1 spell: Sting
   979 | D:1      | Reached XP level 5. HP: 40/41 MP: 11/11
  2084 | D:2      | Reached skill level 1 in Alchemy
  2676 | D:3      | Reached skill level 1 in Armour
  2676 | D:3      | Reached XP level 6. HP: 11/47 MP: 12/12
  2983 | D:3      | Reached skill level 1 in Evocations
  3221 | D:3      | Found a sparkling altar of Nemelex Xobeh.
  3222 | D:3      | Found an opulent altar of Gozag.
  3876 | D:4      | Reached skill level 1 in Ranged Weapons
  3954 | D:3      | Reached skill level 1 in Conjurations
  4242 | D:4      | Found a runed translucent door.
  4243 | D:4      | Noticed Crazy Yiuf
  4267 | D:4      | Noticed Duvessa
  4288 | D:4      | Noticed Dowan
  4577 | D:5      | Reached XP level 7. HP: 39/53 MP: 13/13
  4932 | D:5      | Found a staircase to the Ecumenical Temple.
  4941 | Temple   | Entered the Ecumenical Temple
  4997 | D:5      | Reached skill level 2 in Armour
  5786 | D:5      | Reached XP level 8. HP: 31/61 MP: 15/15
  6131 | D:5      | Identified the +6 scale mail of the Nexus {rN++ Dex+4 SInv
                  | Stlth-}
  6169 | D:5      | You are sucked into a shaft and drop 2 floors!
  6169 | D:7      | Found a bloodstained altar of Trog.
  6169 | D:7      | Found a shimmering blue altar of Sif Muna.
  6398 | D:7      | Reached skill level 5 in Spellcasting
  6427 | D:7      | Found Saongok's Self-Improvement Boutique.
  6440 | D:7      | Reached skill level 3 in Armour
  6640 | D:7      | Reached skill level 5 in Fighting
  6788 | D:6      | Reached XP level 9. HP: 68/68 MP: 15/17
  6944 | D:6      | Killed Blork the orc
  7364 | D:6      | You are sucked into a shaft and drop 1 floor!
  7698 | D:8      | Noticed a rime drake
  7823 | D:7      | Noticed Maggie
  8057 | D:6      | Reached skill level 5 in Alchemy
  8471 | D:7      | Found a radiant altar of Vehumet.
  8488 | D:7      | Became a worshipper of Vehumet
  8921 | D:7      | Killed Maggie
  8922 | D:7      | Reached skill level 1 in Short Blades
  8947 | D:7      | Noticed Pikel
  9166 | D:7      | Killed Pikel
  9167 | D:7      | Reached skill level 5 in Ranged Weapons
  9167 | D:7      | Reached XP level 10. HP: 50/74 MP: 19/19
  9573 | D:8      | Killed a rime drake
  9694 | D:8      | Reached skill level 5 in Dodging
  9911 | D:8      | Found a staircase to the Lair.
 10331 | D:8      | Learned a level 3 spell: Hailstorm
 10345 | D:8      | Learned a level 4 spell: Sticky Flame
 10350 | D:8      | Learned a level 4 spell: Ignite Poison
 10423 | D:9      | Found a flagged portal.
 10491 | D:8      | Reached skill level 1 in Fire Magic
 10854 | Bailey   | Entered a bailey
 11048 | Bailey   | Reached * piety under Vehumet
 11048 | Bailey   | Offered knowledge of Shock by Vehumet.
 11053 | Bailey   | Learned a level 1 spell: Shock
 11223 | Bailey   | Noticed an orc knight
 11248 | Bailey   | Killed an orc knight
 11506 | Bailey   | Gained mutation: You are weak. (Str -2) [potion of
                  | mutation]
 11506 | Bailey   | Gained mutation: You passively map a small area around you.
                  | [potion of mutation]
 11506 | Bailey   | Gained mutation: You occasionally lose the ability to read
                  | scrolls when taking damage. [potion of mutation]
 12268 | D:9      | Found a white marble altar of Elyvilon.
 12272 | D:9      | Found a blossoming altar of Fedhas.
 12278 | D:9      | Found a shadowy altar of Dithmenos.
 12281 | D:9      | Found a broken altar of Ashenzari.
 12292 | D:9      | You are sucked into a shaft and drop 2 floors!
 12438 | D:10     | Entered Level 10 of the Dungeon
 12847 | D:9      | Reached skill level 5 in Fire Magic
 12931 | D:9      | Found an ornate altar of the Wu Jian Council.
 12936 | D:9      | Found a snail-covered altar of Cheibriados.
 13003 | D:9      | Noticed Erolcha
 13082 | D:9      | Reached XP level 11. HP: 53/81 MP: 17/21
 13973 | D:11     | Noticed a two-headed ogre
 13988 | D:11     | Killed a two-headed ogre
 14535 | D:10     | Offered knowledge of Sandblast by Vehumet.
 14569 | D:10     | Found a runed translucent gate.
 14569 | D:10     | Found a runed translucent gate.
 14569 | D:10     | Found a runed translucent gate.
 14574 | D:10     | Noticed Atlas's ghost (novice DsFE)
 14591 | D:10     | Reached ** piety under Vehumet
 15305 | D:11     | Noticed a cyclops
 15429 | D:11     | Noticed a two-headed ogre
 15437 | D:11     | You are sucked into a shaft and drop 3 floors!
 15437 | D:14     | Found Binisteru's Magic Scroll Emporium.
 15522 | D:14     | Noticed a tengu warrior
 15528 | D:14     | Bought a scroll of enchant weapon for 97 gold pieces
 15528 | D:14     | Bought a scroll of identify for 26 gold pieces
 15528 | D:14     | Bought 2 scrolls of identify for 52 gold pieces
 15535 | D:14     | Found a one-way gate to the infinite horrors of the Abyss.
 15535 | D:14     | Noticed Luqah's ghost (journeyman HuSu)
 15535 | D:14     | Noticed a hell hog
 15535 | D:14     | Noticed a large abomination
 15537 | D:14     | Noticed a great orb of eyes
 15539 | D:14     | Noticed a deep elf knight
 15539 | D:14     | Noticed an Executioner
 15541 | D:14     | Noticed a white ugly thing
 15595 | D:15     | Entered Level 15 of the Dungeon
 15595 | D:15     | Noticed a tengu warrior
 15602 | D:13     | Noticed a boulder beetle
 15606 | D:14     | Noticed a tengu warrior
 15606 | D:14     | Noticed a cyclops
 15607 | D:14     | Noticed a skeletal warrior
 15612 | D:13     | You are sucked into a shaft and drop 2 floors!
 15612 | D:15     | Found a flickering gateway to a bazaar.
 15622 | Bazaar   | Entered a bazaar
 15623 | Bazaar   | Found Lownoz's Assorted Antiques.
 15623 | Bazaar   | Found Boitwont's Jewellery Boutique.
 15624 | Bazaar   | Found Seang's Armour Emporium.
 15659 | Bazaar   | Found Unuqeghi's Armour Emporium.
 15700 | Bazaar   | Bought a ring of willpower for 300 gold pieces
 15737 | Bazaar   | Reached skill level 10 in Fighting
 15737 | Bazaar   | Reached XP level 12. HP: 97/97 MP: 22/25
 15738 | Bazaar   | Reached skill level 5 in Ice Magic
 15738 | Bazaar   | Reached XP level 13. HP: 103/103 MP: 22/26
 15739 | Bazaar   | Reached XP level 14. HP: 110/110 MP: 22/27
 16067 | D:15     | Reached skill level 10 in Spellcasting
 16185 | D:15     | HP: 1/110 [deep elf pyromancer/bolt of fire (37)]
 16607 | D:13     | You are sucked into a shaft and drop 1 floor!
 16767 | D:15     | Learned a level 1 spell: Apportation
 16786 | D:13     | You are sucked into a shaft and drop 2 floors!
 16991 | D:15     | Reached skill level 4 in Armour
 17140 | D:14     | Identified the +4 quarterstaff of Immorality {vamp, rC+
                  | rCorr} (You found it on level 14 of the Dungeon)
 17424 | D:14     | You are sucked into a shaft and drop 1 floor!
 18102 | D:14     | Reached skill level 1 in Shields
 18102 | D:14     | Reached skill level 1 in Translocations
 19062 | D:14     | You are sucked into a shaft and drop 1 floor!
 19590 | D:13     | Offered knowledge of Searing Ray by Vehumet.
 20036 | D:14     | Reached XP level 15. HP: 115/115 MP: 29/29
 20040 | D:14     | Found a transporter.
 20086 | D:14     | Reached skill level 10 in Alchemy
 20204 | D:14     | Reached skill level 5 in Armour
 20324 | D:14     | Reached *** piety under Vehumet
 20406 | D:14     | Found a gate to the Vaults.
 20597 | D:13     | You are sucked into a shaft and drop 1 floor!
 20734 | D:14     | Found a transporter.
 21541 | D:9      | Killed Erolcha
 21697 | Lair:1   | Entered Level 1 of the Lair of Beasts
 21729 | Lair:1   | Found a shimmering altar of Xom.
 21989 | Lair:1   | Reached skill level 5 in Shields
 22785 | Lair:2   | Offered knowledge of Flame Wave by Vehumet.
 22823 | Lair:1   | Reached skill level 6 in Armour
 23196 | Lair:2   | Reached **** piety under Vehumet
 23218 | Lair:2   | Offered knowledge of Lee's Rapid Deconstruction by Vehumet.
 23286 | Lair:2   | Found a radiant altar of Vehumet.
 23678 | Lair:2   | Found a hole to the Spider Nest.
 24192 | Lair:3   | Found a staircase to the Swamp.
 25320 | D:11     | Found The Oracle's Delphic Readings.
 25324 | D:11     | Bought a scroll of fear for 60 gold pieces
 25324 | D:11     | Bought a scroll of poison for 60 gold pieces
 25403 | D:12     | Reached skill level 7 in Armour
 25586 | D:12     | Identified the +8 rapier "Dragonslayer" {heavy, Int+3}
 25644 | D:12     | Reached ***** piety under Vehumet
 25646 | D:12     | Offered knowledge of Ozocubu's Refrigeration by Vehumet.
 25904 | D:12     | Found a portal to a secret trove of treasure.
 25927 | D:12     | Found a staircase to the Orcish Mines.
 26407 | D:12     | Noticed Rupert
 26854 | Lair:3   | Identified a scroll of acquirement
 26855 | Lair:3   | Acquired a +0 pair of boots of flying
 27236 | Lair:3   | Reached XP level 16. HP: 124/124 MP: 31/31
 27755 | Lair:4   | Noticed Kirke
 27784 | Lair:3   | Killed Kirke
 27785 | Lair:3   | Reached skill level 8 in Armour
 29338 | Lair:5   | Entered Level 5 of the Lair of Beasts
 29728 | Lair:4   | Reached skill level 9 in Armour
 30209 | Lair:5   | Found a staircase to the Slime Pits.
 30601 | D:4      | Killed Crazy Yiuf
 30633 | D:4      | Killed Duvessa
 30636 | D:4      | Killed Dowan
 31524 | D:5      | Learned a level 7 spell: Ozocubu's Refrigeration
 31671 | D:10     | You are sucked into a shaft and drop 2 floors!
 31793 | D:10     | You are sucked into a shaft and drop 1 floor!
 32510 | D:10     | You are sucked into a shaft and drop 2 floors!
 32987 | D:13     | Found Voogas's Magic Scroll Emporium.
 32990 | D:13     | Bought a scroll of acquirement for 520 gold pieces
 33473 | D:13     | Found a hide-covered altar of Uskayaw.
 33775 | D:14     | Offered knowledge of Starburst by Vehumet.
 34001 | D:15     | Acquired the Omnibus of Refrigeration and Generation
 34014 | D:15     | Learned a level 5 spell: Freezing Cloud
 34229 | D:15     | Found a staircase to the Depths.
 34490 | Depths:1 | Entered Level 1 of the Depths
 35112 | Lair:5   | Reached skill level 5 in Air Magic
 35552 | Lair:5   | Identified the amulet "Fustuoss" {Regen+ Str+3}
 36237 | Lair:5   | Reached XP level 17. HP: 133/133 MP: 28/32
 36272 | Lair:5   | Identified the +6 arbalest of Uskayaw, Flying {antimagic,
                  | Int+3 Dex+2}
 37359 | D:12     | Learned a level 3 spell: Mephitic Cloud
 37360 | Orc:1    | Entered Level 1 of the Orcish Mines
 37789 | Orc:1    | Offered knowledge of Conjure Ball Lightning by Vehumet.
 38396 | Orc:2    | Entered Level 2 of the Orcish Mines
 38613 | Orc:2    | Reached skill level 10 in Armour
 38819 | Orc:1    | Offered knowledge of Eringya's Noxious Bog by Vehumet.
 39142 | Orc:2    | Found a staircase to the Elven Halls.
 39520 | Orc:2    | Found a shimmering blue altar of Sif Muna.
 39547 | Orc:2    | Got Sif Muna's Monograph on the Faeries
 39666 | Orc:2    | Found Moeskys's Armour Shop.
 39666 | Orc:2    | Found Codareoc's General Store.
 39667 | Orc:2    | Found Ewaar's Weapon Emporium.
 39667 | Orc:2    | Found Gout's Antique Armour Shop.
 39772 | Orc:2    | Bought 4 curare-tipped darts for 62 gold pieces
 39773 | Orc:2    | Bought a spiked ring mail for 162 gold pieces
 39773 | Orc:2    | Identified the +1 ring mail of Truth {rCorr} (You bought it
                  | in a shop on level 2 of the Orcish Mines)
 39774 | Orc:2    | Bought a scroll of acquirement for 780 gold pieces
 40080 | Orc:2    | Acquired the +1 pair of gloves of Grim Lucidity {-Tele
                  | Will+ MP+9}
 40170 | Elf:1    | Entered Level 1 of the Elven Halls
 40908 | Elf:1    | Reached skill level 11 in Armour
 40935 | Elf:1    | Reached XP level 18. HP: 141/141 MP: 33/34
 41630 | Swamp:1  | Entered Level 1 of the Swamp
 42780 | Swamp:1  | Reached skill level 10 in Conjurations
 43086 | Swamp:2  | Identified the amulet "Luwuinu" {RegenMP Dex+3}
 43209 | Swamp:2  | Reached skill level 5 in Short Blades
 43462 | Swamp:1  | Offered knowledge of Yara's Violent Unravelling by Vehumet.
 44654 | Swamp:4  | Entered Level 4 of the Swamp
 45806 | Swamp:3  | Got Sif Muna's Compilation of the Snowy Gift
 45817 | Swamp:3  | Identified the +5 robe "Iruirogi" {Will+++}
 47058 | Swamp:4  | Reached XP level 19. HP: 150/150 MP: 35/35
 48390 | Swamp:3  | Offered knowledge of Plasma Beam by Vehumet.
 48398 | Swamp:3  | Learned a level 6 spell: Plasma Beam
 48726 | Swamp:4  | Reached skill level 12 in Armour
 49061 | Swamp:4  | Got a decaying rune of Zot
 49653 | Vaults:1 | Entered Level 1 of the Vaults
 49771 | Vaults:1 | Noticed Saint Roka
 49775 | Vaults:1 | Reached skill level 10 in Fire Magic
 49787 | Vaults:1 | Killed Saint Roka
 50817 | Vaults:1 | Identified the +3 trident of Riteat {freeze, rN+++ rCorr
                  | MP-9 SInv}
 51114 | Vaults:1 | Reached ****** piety under Vehumet
 51114 | Vaults:1 | Offered knowledge of Lehudib's Crystal Spear by Vehumet.
 52488 | Vaults:1 | Reached XP level 20. HP: 116/159 MP: 37/37
 54727 | Vaults:2 | Identified the +1 morningstar of Ipnute Acun {flame, rF+}
 54806 | Vaults:2 | Found a staircase to the Crypt.
 54812 | Crypt:1  | Entered Level 1 of the Crypt
 55294 | Vaults:2 | Offered knowledge of Fire Storm by Vehumet.
 55294 | Vaults:2 | Offered knowledge of Chain Lightning by Vehumet.
 55294 | Vaults:2 | Offered knowledge of Polar Vortex by Vehumet.
 55703 | Vaults:3 | Reached skill level 13 in Armour
 56120 | Vaults:3 | Reached skill level 10 in Ranged Weapons
 57483 | Vaults:3 | Reached XP level 21. HP: 158/167 MP: 29/38
 58016 | Vaults:3 | Reached skill level 15 in Fighting
 61007 | Vaults:4 | Reached skill level 14 in Armour
 61013 | Vaults:4 | Reached skill level 10 in Shields
 61872 | D:7      | Bought a manual of Stealth for 1120 gold pieces
 62678 | Elf:1    | HP: 9/252 [+3 battleaxe of flaming (4)]
 63542 | Crypt:1  | Reached XP level 22. HP: 107/176 MP: 29/40
 64311 | Crypt:3  | Entered Level 3 of the Crypt
 65233 | Crypt:2  | Learned a level 4 spell: Olgreb's Toxic Radiance
 65909 | Crypt:2  | Found a shimmering blue altar of Sif Muna.
 66166 | Crypt:2  | Identified the orb "Voad" {light, rC+ rCorr Str+2}
 66166 | Crypt:2  | Noticed Frederick
 66209 | Crypt:2  | Killed Frederick
 66835 | Crypt:2  | Found the +6 Majin-Bo {spellvamp, MP+6 Int+6}
 67179 | Crypt:2  | Identified the amulet of the Empire {RegenMP Dex+4}
 67923 | Crypt:2  | Reached skill level 10 in Stealth
 68678 | Crypt:3  | Noticed Sojobo
 68780 | Crypt:3  | Reached skill level 15 in Armour
 69359 | Spider:1 | Entered Level 1 of the Spider Nest
 70807 | Spider:1 | Gained mutation: Potions are less effective at restoring
                  | your health. [mutagenic glow]
 72451 | Spider:2 | Noticed Donald
 72460 | Spider:2 | Killed Donald
 72461 | Spider:2 | Reached XP level 23. HP: 182/182 MP: 34/41
 73341 | Spider:4 | Entered Level 4 of the Spider Nest
 74733 | Spider:4 | Noticed DeathSocks's ghost (adept MiGl)
 74739 | Spider:4 | Found a runed translucent door.
 76637 | Spider:4 | Reached skill level 16 in Armour
 77052 | Spider:4 | Identified the -1 hat "Ahyckada" {^Contam rElec MP+9 Dex+4}
 77056 | Spider:4 | Got a gossamer rune of Zot
 77253 | Spider:3 | Killed DeathSocks's ghost
 77844 | D:11     | Learned a level 9 spell: Fire Storm
 78443 | Crypt:3  | Killed Sojobo
 78444 | Crypt:3  | Reached skill level 15 in Spellcasting
 78706 | Crypt:3  | Found the +3 greatsling "Punk" {acid, rCorr}
 78780 | Crypt:3  | Reached skill level 15 in Fire Magic
 79495 | Elf:3    | Entered Level 3 of the Elven Halls
 79556 | Elf:1    | Acquired 1028 gold pieces
 79754 | D:10     | Killed Atlas's ghost
 80129 | D:7      | Bought a manual of Air Magic for 1120 gold pieces
 80292 | D:12     | Killed Rupert
 80484 | D:14     | You are sucked into a shaft and drop 1 floor!
 80587 | D:14     | You are sucked into a shaft and drop 1 floor!
 80830 | D:14     | You are sucked into a shaft and drop 1 floor!
 81090 | D:14     | Killed Luqah's ghost
 81095 | D:14     | You are sucked into a shaft and drop 1 floor!
 81372 | D:14     | Bought a scroll of fog for 52 gold pieces
 81372 | D:14     | Bought a scroll of revelation for 97 gold pieces
 82340 | Elf:2    | Reached XP level 24. HP: 189/189 MP: 27/42
 83289 | Elf:2    | Found a huge runed translucent gate.
 83289 | Elf:2    | Found a huge runed translucent gate.
 83289 | Elf:2    | Found a huge runed translucent gate.
 83289 | Elf:2    | Found a huge runed translucent gate.
 83290 | Elf:2    | Found a huge runed translucent gate.
 83512 | Elf:2    | Lost mutation: You passively map a small area around you.
                  | [potion of mutation]
 83512 | Elf:2    | Lost mutation: Potions are less effective at restoring your
                  | health. [potion of mutation]
 83512 | Elf:2    | Gained mutation: You are very weak. (Str -4) [potion of
                  | mutation]
 83512 | Elf:2    | Lost mutation: You occasionally lose the ability to read
                  | scrolls when taking damage. [potion of mutation]
 83512 | Elf:2    | Gained mutation: You have hidden genetic potential. [potion
                  | of mutation]
 83758 | Elf:3    | Found Beiv's Weapon Emporium.
 85153 | Elf:3    | Identified the +0 dagger "Geck" {drain, Will+ MP+9 Str+3}
 85296 | Elf:3    | Identified the ring "Pamenli" {*Corrode rPois Will+ MP+9
                  | Str+4}
 85307 | Elf:3    | Reached skill level 15 in Conjurations
 85538 | Elf:3    | Identified the staff "Itighomp" {Fly rPois Stlth+ Alchemy}
 85885 | Elf:3    | Reached skill level 10 in Air Magic
 86486 | Elf:3    | Reached skill level 17 in Armour
 86612 | Elf:3    | Got Sif Muna's Guide on the Sandy Icicle
 86635 | Elf:3    | Identified the staff of the Lumpy Artists {rPois Will+
                  | Alchemy}
 86989 | Elf:2    | You are sucked into a shaft and drop 1 floor!
 87603 | D:11     | Learned a level 6 spell: Bombard
 87994 | Elf:2    | You are sucked into a shaft and drop 1 floor!
 88311 | Elf:2    | You are sucked into a shaft and drop 1 floor!
 88777 | Elf:2    | You are sucked into a shaft and drop 1 floor!
 88996 | Elf:2    | Reached skill level 1 in Earth Magic
 89345 | Elf:2    | You are sucked into a shaft and drop 1 floor!
 89584 | Elf:2    | You are sucked into a shaft and drop 1 floor!
 90974 | Crypt:3  | Learned a level 4 spell: Passage of Golubria
 91734 | Crypt:3  | Reached XP level 25. HP: 195/195 MP: 18/42
 92383 | Crypt:3  | Reached skill level 15 in Stealth
 92505 | Crypt:3  | Found a staircase to the Tomb.
 92528 | Crypt:3  | Identified the ring "Zegierhi" {rC+ rN+++ rCorr Str+6
                  | Int+4}
 92563 | Tomb:1   | Entered Level 1 of the Tomb of the Ancients
 93329 | Tomb:1   | Gained mutation: Your flesh is cold resistant. (rC+)
                  | [hidden potential]
 94613 | Crypt:3  | Found an ancient bone altar of Kikubaaqudgha.
 95494 | Slime:1  | Entered Level 1 of the Pits of Slime
 95927 | D:11     | Bought a book of Transmutation for 420 gold pieces
 96047 | D:7      | Bought a manual of Staves for 1120 gold pieces
 96052 | D:7      | Learned a level 2 spell: Sublimation of Blood
 96481 | Slime:1  | Reached skill level 1 in Necromancy
 96501 | Slime:1  | You are sucked into a shaft and drop 1 floor!
 96715 | Slime:2  | Reached skill level 1 in Staves
 96830 | Slime:4  | Gained mutation: You are vulnerable to heat. (rF-)
                  | [mutagenic glow]
 97245 | Slime:5  | Entered Level 5 of the Pits of Slime
 97271 | Slime:5  | Reached skill level 5 in Translocations
 97698 | Slime:3  | Gained mutation: You occasionally lose the ability to read
                  | scrolls when taking damage. [a shining eye]
 97952 | Slime:5  | Noticed the Royal Jelly
 98366 | Slime:3  | Slain by a rockslime

Illustrated notes

Levels and vault maps discovered:
D:1:      minmay_arrival_four_loops, layout_basic, minmay_tromino_v4_a
D:2:      minmay_razor_zed, layout_loops_ring, dreamdust_princess_bridge
D:3:      minmay_inner_zag, layout_basic, grunt_temple_overflow_opulence
D:4:      layout_cave_pools, amethyst_killhole, uniq_crazy_yiuf_cottage,
          uniq_duvessa
D:5:      minmay_thinvault, layout_basic, minmay_temple_entry_statues_pillars,
          grunt_decor_fettered, kennysheep_cluttered_room
D:6:      layout_gridville, uniq_blork_the_orc
D:7:      layout_loops_ring, hellmonk_overflow_destroyed_library,
          vehumet_statue, st_stairs_7, nicolae_shop_self_help, uniq_pikel,
          uniq_maggie
D:8:      layout_rooms, hellmonk_lair_entry_icy
D:9:      layout_cave_pods, nicolae_overflow_hallway_of_the_gods,
          enter_bailey_5, uniq_erolcha
D:10:     layout_stronghold, gammafunk_ghost_spectres
D:11:     layout_long_grid, nicolae_nh_oracle_at_delphi
D:12:     layout_irregular_city, kennysheep_orc_monster_closet_entryway,
          enter_trove_5, uniq_rupert
D:13:     layout_cave_pods, portal_ice_cave_entry_imps, serial_shops,
          nicolae_shop_rolled_up, chequers_serial_rivers_large_a,
          nicolae_uskayaw_dance_hall
D:14:     layout_gridville, david_vaults_2, gammafunk_ghost_abyssal_escape,
          serial_shops, shop, nicolae_two_hexagons
D:15:     hellmonk_depths_entry_around_the_bend, layout_cave_pools,
          serial_shops, bzr_entry_islet, chequers_serial_rivers_micro_a
Temple:   nicolae_temple_bog_church
Lair:1:   layout_chaotic_city, basic_altar, st_stairs_4
Lair:2:   layout_roguey, spider_nest_entry_funnel_web, basic_altar,
          evilmike_ambush [evilmike_ambush_outer_basic,
          evilmike_ambush_inner_basic]
Lair:3:   layout_chaotic_city, minmay_swamp_entry_worms, grunt_megastairs_3
Lair:4:   cheibrodos_magma_flow, layout_cave_pods, infiniplex_staircase_pool_2,
          serial_bayou_shore_a, uniq_kirke
Lair:5:   due_jungle_book, layout_misc_corridors, minmay_slime_entry_jelly_boxes
Swamp:1:  layout_falls_marsh, evilmike_swamp_ruin_house_6, swamp_pool_4,
          nicolae_swamp_small_spring, nicolae_swamp_dragon_and_kin
Swamp:2:  layout_basic_swamp, evilmike_swamp_ruin_house_1,
          infiniplex_staircase_pool
Swamp:3:  nicolae_swamp_standing_stones, layout_falls_marsh,
          evilmike_swamp_ruin_house_5, nicolae_swamp_decorative_isthmus
Swamp:4:  swamp_alternative, layout_basic_swamp
Spider:1: layout_chambers, nicolae_spider_wall_of_niches
Spider:2: layout_chambers, hangedman_spider_tarantella_strand, uniq_donald
Spider:3: layout_spider_delve
Spider:4: hellmonk_spider_rune_endless_swarm, hellmonk_ghost_happy_afterlife
Slime:1:  layout_caves, nicolae_slime_barrier
Slime:2:  layout_caves, nicolae_slime_getting_an_eyeful
Slime:3:  cheibrodos_slime_lost_civilization_2, layout_caves
Slime:4:  layout_caves
Slime:5:  slime_pit_nicolae_block_by_block
Orc:1:    nicolae_orc_accident_3, layout_diamond_mine
Orc:2:    st_orc_ogre_mass, layout_caves, led_sif_book
Elf:1:    eino_elf_arrival_the_gate, layout_onion_city,
          nicolae_elf_crossing_hall, serial_library_regret_index_boxing,
          wad_dig_loot
Elf:2:    elven_hall_of_blades_hangedman_alternative [nicolae_blade_tridents],
          layout_gridlike
Elf:3:    minmay_elf_hall_x, layout_rooms, serial_shops,
          nicolae_shop_rolling_square, small_statue_intersection,
          nrook_mini_backslash
Vaults:1: vaults_dpeg_cross, v_misc_16, vaults_room_door_hall,
          nicolae_vaults_three_branches, ontoclasm_vaults_eye,
          nicolae_vaults_storage_closets_1, nicolae_vaults_trapezoid_lopsided_3,
          nicolae_vaults_house_1, nicolae_vaults_yaktaur_gun_rack,
          layout_vaults_quadrants, uniq_saint_roka
Vaults:2: minmay_crypt_entry_simple_round, nicolae_vaults_wrenched,
          nicolae_vaults_little_squares_5, vaults_room_octagon, v_misc_1,
          vaults_room_boxed, v_alt_pattern_6, nicolae_vaults_apartment_1,
          nicolae_vaults_trapezoid_lopsided_1, vaults_dpeg_ring,
          nicolae_vaults_mini_display_case, layout_vaults_chaotic_city
Vaults:3: nicolae_vaults_arrows, hangedman_vaults_slice,
          nicolae_vaults_border_crossing, nicolae_vaults_hexular_roomagon,
          nicolae_vaults_storage_room_doors, nicolae_vaults_shock_wave,
          hangedman_vaults_hat, nicolae_vaults_circle_grid_b,
          nicolae_vaults_closet_pinwheel_5, hangedman_vaults_unwind,
          nicolae_vaults_tangram_1, nicolae_vaults_tetromino_L_1,
          vaults_room_stairs_pillars, nicolae_vaults_house_2,
          layout_vaults_omnibox
Vaults:4: nicolae_vaults_tangram_1, v_alt_pattern_3,
          nicolae_vaults_trapezoid_lopsided_2, vaults_mumra_minichess,
          vaults_room_octagon, nicolae_vaults_offset_grid_hallway_2,
          hangedman_vaults_nails, v_pattern_4, v_misc_9,
          nicolae_vaults_frosty_reception, vaults_standard_mumra_x,
          ontoclasm_vaults_pinch, nicolae_vaults_offset_grid_hallway_1,
          layout_vaults_maze
Crypt:1:  layout_chaotic_city, grunt_ministairs_15
Crypt:2:  minmay_guarded_unrand_majin_bo, layout_gridlike,
          nicolae_crypt_skullbonk, nicolae_crypt_soggy_tomb,
          serial_sigils_hangedman_gut, hangedman_summoners_spam, uniq_frederick
Crypt:3:  quadcrypt_mu, uniq_sojobo
Tomb:1
Depths:1: grunt_crosshair, layout_basic, hex_medium, hell_entry,
          hangedman_abyss_entry_splay, serial_library,
          serial_library_hellmonk_double_dead_end,
          serial_library_hellmonk_long_bookcase,
          serial_library_regret_index_multi, serial_library_hellmonk_room_c,
          nicolae_yredelemnul_corpse_copse

Skill      XL: |  1  2  3  4  5  6  7  8  9 10 11 12 13 14 15 16 17 18 19 20 21 22 23 24 25 |
---------------+----------------------------------------------------------------------------+-----
Spellcasting   | 2 3 4 5 6 9 10 11 12 13 14 15 | 15.8
Alchemy        | 1 2 3 4 5 6 8 9 10 | 10.0
Dodging        | 2 3 4 5 6 7 |  7.9
Armour         | 1 2 3 4 7 9 11 12 13 14 15 16 17 | 17.6
Evocations     | 1 2 |  2.0
Ranged Weapons | 1 2 3 5 6 7 8 9 10 | 10.0
Conjurations   | 1 2 4 6 7 8 9 10 11 12 13 14 15 | 15.8
Fighting       | 4 5 6 10 11 12 13 14 15 | 15.5
Short Blades   | 1 2 4 5 6 |  6.0
Maces & Flails | 3 |  3.0
Fire Magic     | 5 6 7 9 11 12 13 14 15 16 | 16.5
Ice Magic      | 5 6 8 9 |  9.0
Stealth        | 8 11 13 14 15 | 15.0
Air Magic      | 4 5 6 7 8 9 10 11 | 11.1
Shields        | 3 6 8 9 10 12 14 | 14.7
Translocations | 1 3 5 |  5.1
Earth Magic    | 2 4 |  4.0
Necromancy     | 2 |  2.9
Staves         | 3 |  3.0

Action                     |  1- 3 |  4- 6 |  7- 9 | 10-12 | 13-15 | 16-18 | 19-21 | 22-24 | 25-27 || total
---------------------------+-------+-------+-------+-------+-------+-------+-------+-------+-------++-------
  Melee: Mace              |    31 |   200 |   131 |       |       |       |       |       |       ||   362
         Short sword       |       |       |    69 |     2 |       |       |       |       |       ||    71
         Dagger            |       |       |   113 |   250 |       |       |       |       |       ||   363
         Morningstar       |       |       |       |    35 |       |       |       |       |       ||    35
         Quarterstaff      |       |       |       |   150 |   205 |   161 |     9 |       |       ||   525
         Scimitar          |       |       |       |       |    70 |    15 |     8 |    28 |       ||   121
         Rapier            |       |       |       |       |       |   180 |   174 |   135 |     5 ||   494
         Bo                |       |       |       |       |       |       |       |    20 |    22 ||    42
   Fire: Sling             |       |    91 |   130 |   115 |       |       |       |       |       ||   336
         Shortbow          |       |       |       |    15 |    90 |       |       |       |       ||   105
         Orcbow            |       |       |       |       |   213 |   536 |   384 |   539 |    46 ||  1718
  Throw: Dart              |       |       |     1 |       |       |       |     6 |     4 |       ||    11
   Cast: Sting             |       |     4 |    60 |    58 |    61 |    18 |     1 |       |       ||   202
         Shock             |       |       |       |     8 |       |       |       |       |       ||     8
         Sticky Flame      |       |       |       |     1 |   126 |   169 |    81 |   106 |    17 ||   500
         Hailstorm         |       |       |       |     1 |    13 |       |     1 |     6 |       ||    21
         Ignite Poison     |       |       |       |     5 |    21 |     6 |     2 |   152 |       ||   186
         Apportation       |       |       |       |       |     2 |       |       |       |       ||     2
         Freezing Cloud    |       |       |       |       |       |   193 |   229 |   130 |    22 ||   574
         Plasma Beam       |       |       |       |       |       |       |   143 |   310 |   113 ||   566
         Mephitic Cloud    |       |       |       |       |       |       |     2 |       |       ||     2
         Olgreb's Toxic Ra |       |       |       |       |       |       |       |   132 |       ||   132
         Ozocubu's Refrige |       |       |       |       |       |       |       |     1 |       ||     1
         Bombard           |       |       |       |       |       |       |       |    45 |     2 ||    47
         Fire Storm        |       |       |       |       |       |       |       |       |    49 ||    49
         Sublimation of Bl |       |       |       |       |       |       |       |       |     9 ||     9
         Passage of Golubr |       |       |       |       |       |       |       |       |     1 ||     1
Ability: Dig               |       |       |     6 |     1 |     6 |     3 |     3 |     2 |       ||    21
         Shaft Self        |       |       |     2 |     3 |     5 |     3 |       |    10 |     3 ||    26
  Evoke: Wand              |       |       |       |     8 |     1 |     6 |     2 |       |       ||    17
         Condenser vane    |       |       |       |       |       |       |       |     1 |       ||     1
    Use: Scroll            |     1 |     1 |     6 |     6 |    13 |     5 |     4 |    11 |     1 ||    48
         Potion            |       |       |     4 |    10 |     6 |     1 |     6 |     6 |     1 ||    34
   Stab: Sleeping          |     1 |    12 |     2 |     2 |       |       |     2 |     1 |     1 ||    21
         Paralysed         |       |       |       |     2 |       |       |       |       |       ||     2
         Distracted        |       |       |       |     6 |     6 |     3 |       |       |       ||    15
         Confused          |       |       |       |       |       |       |     1 |       |       ||     1
 Armour: Leather armour    |    32 |   134 |   175 |       |       |       |       |       |    27 ||   368
         Scale mail        |       |       |    62 |   326 |   410 |   610 |   378 |   634 |    16 ||  2436
         Skin              |       |       |       |       |       |       |     9 |       |       ||     9
         Robe              |       |       |       |       |       |       |       |     2 |       ||     2
  Dodge: Dodged            |    51 |   167 |   238 |   401 |   265 |   358 |   218 |   353 |    41 ||  2092
  Block: Buckler           |       |       |       |       |   239 |   466 |   129 |    76 |    11 ||   921
         Reflection        |       |       |       |       |    10 |    39 |    23 |    30 |     1 ||   103
         Kite shield       |       |       |       |       |       |       |       |   454 |    42 ||   496

Table legend: (Time is in decaauts)
 A = Elapsed time spent in this place.
 B = Non-inter-level travel time spent in this place.
 C = Inter-level travel time spent in this place.
 D = Time resting spent in this place.
 E = Time spent auto-exploring this place.
 F = Levels seen in this place.
 G = Mean time per level.
                   A        B        C        D        E       F      G
               +--------+--------+--------+--------+--------+-----+--------+
         Total |  99835 |  88330 |  11505 |  37625 |  22449 |  50 | 1996.7 |
       Dungeon |  33182 |  27735 |   5447 |  10546 |   8712 |  15 | 2212.1 |
        Temple |     42 |     42 |      0 |     38 |      0 |   1 |   42.0 |
          Lair |  10948 |   9045 |   1903 |   2947 |   3485 |   5 | 2189.6 |
         Swamp |   7479 |   7212 |    267 |   3724 |   1035 |   4 | 1869.8 |
   Spider Nest |   7818 |   7416 |    402 |   2853 |   2351 |   4 | 1954.5 |
    Slime Pits |   2325 |   2214 |    111 |   1137 |    465 |   5 |  465.0 |
  Orcish Mines |   3019 |   2711 |    308 |    995 |    891 |   2 | 1509.5 |
   Elven Halls |  10170 |   9058 |   1112 |   4733 |   1236 |   3 | 3390.0 |
        Vaults |  12324 |  11104 |   1220 |   4896 |   2562 |   4 | 3081.0 |
         Crypt |  10227 |   9495 |    732 |   4886 |   1669 |   3 | 3409.0 |
          Tomb |   1465 |   1465 |      0 |    676 |     19 |   1 | 1465.0 |
        Depths |      4 |      4 |      0 |      0 |      0 |   1 |    4.0 |
        Bazaar |    179 |    179 |      0 |     46 |      0 |   1 |  179.0 |
        Bailey |    645 |    645 |      0 |    145 |     24 |   1 |  645.0 |
               +--------+--------+--------+--------+--------+-----+--------+

Top non-repeatable levels by time:
   Elf:3: 4652 daAuts
    D:14: 4099 daAuts
 Crypt:3: 4027 daAuts
Vaults:3: 3872 daAuts
Vaults:1: 3373 daAuts
 Crypt:2: 3267 daAuts
Vaults:2: 3262 daAuts
 Swamp:3: 3178 daAuts
    D:10: 3043 daAuts
  Lair:5: 3028 daAuts
    D:15: 2966 daAuts
 Crypt:1: 2932 daAuts
    D:11: 2851 daAuts
     D:7: 2771 daAuts
   Elf:2: 2759 daAuts
